 Dungeon Crawl Stone Soup version 0.24.0-1-gfbc8707122 (webtiles) character file.

Game seed: 16101952868023681935, levelgen mode: deterministic

133 Nivan the Conjurer (level 4, -1/35 HPs)
             Began as a Draconian Conjurer on Oct 28, 2019.
             Slain by an orc
             ... wielding a +0 flail
              (8 damage)
             ... on level 3 of the Dungeon.
             The game lasted 00:12:46 (2286 turns).

Nivan the Conjurer (Draconian Conjurer)             Turns: 2286, Time: 00:12:46

Health: -1/35      AC:  5    Str: 15    XL:     4   Next: 94%
Magic:  3/7        EV: 12    Int: 17    God:
Gold:   122        SH:  0    Dex: 11    Spells: 7/8 levels left

rFire    . . .     SeeInvis .   b - staff of wizardry
rCold    . . .     Gourm    .   (no shield)
rNeg     . . .     Faith    .   (armour unavailable)
rPois    .         Spirit   .   (helmet restricted)
rElec    .         Reflect  .   (no cloak)
rCorr    .         Harm     .   (no gloves)
MR       .....                  (no boots)
Stlth    ++........             (no amulet)
HPRegen  0.11/turn              i - +5 ring of strength
MPRegen  0.10/turn              (no ring)

@: no status effects
A: unfitting armour, cold-blooded, AC +5
a: no special abilities


You were on level 3 of the Dungeon.
You were not hungry.

You visited 1 branch of the dungeon, and saw 3 of its levels.

You collected 122 gold pieces.

Inventory:

Hand Weapons
 a - a +0 short sword
Magical Staves
 b - an uncursed staff of wizardry (weapon)
Jewellery
 i - a +5 ring of strength (left hand)
Scrolls
 g - a scroll of noise
 m - a scroll of blinking
 n - a scroll of enchant weapon
Potions
 c - 3 potions of curing
 f - a potion of might {unknown}
 j - a potion of lignification {unknown}
 k - a potion of haste {unknown}
Comestibles
 h - 4 rations
 l - 2 chunks of flesh


   Skills:
 + Level 1.1 Fighting
 + Level 0.2 Staves
 + Level 2.6 Dodging
 + Level 2.3 Stealth
 + Level 2.5 Spellcasting
 + Level 5.1 Conjurations


You had 7 spell levels left.
You knew the following spells:

 Your Spells              Type           Power        Failure   Level  Hunger
a - Magic Dart            Conj           ###.         1%          1    #......

Your spell library contained the following spells:

 Spells                   Type           Power        Failure   Level  Hunger
 Searing Ray              Conj           ###...       1%          2    ##.....
 Dazzling Spray           Conj/Hex       ##....       8%          3    ###....
 Iskenderun's Mystic Bla  Conj           ###.....     9%          4    #####..
 Force Lance              Conj/Tloc      ##......     26%         4    #####..
 Fulminant Prism          Conj/Hex       ##........   26%         4    #####..


Dungeon Overview and Level Annotations

Branches:
Dungeon (3/15)

Altars:
Ru


Innate Abilities, Weirdness & Mutations

Your plain brown scales are hard. (AC +5)
You cannot fit into any form of body armour.
You are cold-blooded and may be slowed by cold attacks.


Message History

As you read the scroll of identify, it crumbles to dust.
n - a scroll of enchant weapon The rat barely misses you.
As you read the scroll of identify, it crumbles to dust.
c - 3 potions of curing The rat barely misses you.
You are too injured to fight recklessly!
You closely miss the rat.
Your tail-slap misses the rat.
The rat misses you.
You closely miss the rat. The rat closely misses you.
You hit the rat. You tail-slap the rat.
You kill the rat!
You barely miss the orc.
Your tail-slap misses the orc.
The orc misses you.
You closely miss the orc. You tail-slap the orc.
The orc is lightly wounded.
The orc hits you with a +0 flail.
* * * LOW HITPOINT WARNING * * *
You barely miss the orc.
The orc is lightly wounded.
The orc hits you with a +0 flail!
You die...

#.(.#
#...#
#...#
#...#
##)##
#w#
#r#
#o#
###@##
#....#
#....#
#....#
######


You could see a worm, an orc and a rat.

Vanquished Creatures
  A scorpion (D:2)
  3 adders (D:2)
  2 worms
  2 leopard geckos
  2 orcs (D:3)
  2 bats
  3 goblins
  5 hobgoblins (D:1)
  11 jackals
  2 quokkas (D:2)
  2 frilled lizards (D:2)
  5 kobolds
  5 rats
45 creatures vanquished.

Notes
Turn   | Place    | Note
-------+----------+-------------------------------------------
     0 | D:1      | Nivan the Draconian Conjurer began the quest for the Orb.
     0 | D:1      | Reached XP level 1. HP: 14/14 MP: 3/3
   330 | D:1      | Reached XP level 2. HP: 20/20 MP: 5/5
  1203 | D:2      | Reached XP level 3. HP: 23/27 MP: 0/6
  1345 | D:2      | Noticed a scorpion
  1356 | D:2      | Killed a scorpion
  1356 | D:2      | Reached skill level 1 in Fighting
  1356 | D:2      | Reached skill level 5 in Conjurations
  1356 | D:2      | Reached XP level 4. HP: 16/35 MP: 0/7
  1752 | D:2      | Found a sacrificial altar of Ru.
  2286 | D:3      | Slain by an orc

Levels and vault maps discovered:
D:1:      dpeg_arrival_short_road, layout_basic
D:2:      kb_forest_paths, layout_basic, chequers_serial_rivers_small_b,
          nrook_mini_backslash, nicolae_ru_sacrificial_ziggurat
D:3:      layout_rooms, lemuel_doored_altar, nicolae_overflow_crystal_walls,
          minmay_starry_boxes

Skill      XL: |  1  2  3 |
---------------+----------+-----
Dodging        | 2 |  2.6
Stealth        | 2 |  2.3
Fighting       | 1 |  1.1
Conjurations   | 5 |  5.1
Staves         | |  0.2
Spellcasting   | |  2.5

Action                   |  1- 3 |  4- 6 || total
-------------------------+-------+-------++-------
Melee: Short sword       |    44 |       ||    44
       Tailslap          |     3 |     7 ||    10
       Staff             |     6 |    57 ||    63
 Cast: Magic Dart        |    40 |    32 ||    72
  Use: Scroll            |       |     6 ||     6
  Eat: Chunk             |     2 |     3 ||     5
Armor: Skin              |    27 |    30 ||    57
Dodge: Dodged            |    45 |    79 ||   124
